 Dungeon Crawl Stone Soup version 0.27-a0-406-g23f261fbd2 (webtiles) character file.

Game seed: 13803864867470340227

1263 DavidChitty2 the Thrower (level 8, -3/62 (64) HPs)
             Began as a Gnoll Hunter on Feb 22, 2021.
             Was a Follower of Okawaru.
             Slain by an orc warrior
             ... wielding a +0 dire flail
              (12 damage)
             ... on level 6 of the Dungeon.
             The game lasted 00:13:54 (8767 turns).

DavidChitty2 the Thrower (Gnoll Hunter)             Turns: 8767, Time: 00:13:55

HP:   -3/62 (64)    AC: 11    Str: 14    XL:     8   Next: 52%
MP:   13/13         EV: 11    Int: 10    God:    Okawaru [*.....]
Gold: 409           SH:  0    Dex: 13    Spells: 13/13 levels left

rFire    . . .     SeeInvis .   a - +3 spear
rCold    . . .     Faith    .   (no shield)
rNeg     . . .     Spirit   .   i - +1 scale mail
rPois    +         Reflect  .   c - +2 helmet
rElec    .         Harm     .   (no cloak)
rCorr    .         Rampage  .   (no gloves)
Will     .....                  (no boots)
Stlth    +.........             x - amulet of the acrobat
HPRegen  0.20/turn              o - ring of wizardry
MPRegen  0.13/turn              v - ring of poison resistance

@: lightly drained
A: distributed training, fangs 1, strong nose
a: Renounce Religion, Heroism


You were on level 6 of the Dungeon.
You worshipped Okawaru.
Okawaru was aware of your devotion.
You visited 2 branches of the dungeon, and saw 8 of its levels.

You collected 409 gold pieces.

Inventory:

Hand Weapons
 a - a +3 spear (weapon)
   (You took it off a wight on level 6 of the Dungeon)
 y - a +0 trident
   (You took it off an orc on level 3 of the Dungeon)
Missiles
 d - 2 throwing nets {!f}
 h - 164 stones
 t - 11 javelins (quivered)
Armour
 c - a +2 helmet (worn)
   (You found it on level 5 of the Dungeon)
 i - a +1 scale mail (worn)
   (You found it on level 1 of the Dungeon)
 q - a +2 pair of boots
   (You found it on level 5 of the Dungeon)
Jewellery
 o - a ring of wizardry (left hand)
   (You found it on level 3 of the Dungeon)
 v - a ring of poison resistance (right hand)
   (You found it on level 4 of the Dungeon)
 x - an amulet of the acrobat (around neck)
   (You found it on level 6 of the Dungeon)
Scrolls
 b - 3 scrolls of enchant armour
 f - a scroll of teleportation {@r4}
 j - 4 scrolls of identify {@r1}
Potions
 e - 2 potions of degeneration {!q}
 g - 3 potions of curing {unknown}
 k - 3 potions of brilliance {unknown}
 m - a potion of attraction {unknown}
 n - a potion of might
 p - a potion of cancellation
 r - a potion of haste {unknown}
 s - 2 potions of flight {unknown}
 u - 2 potions of heal wounds {@q2}
 w - a potion of ambrosia {unknown}
 z - a potion of invisibility {unknown}


   Skills:
 + Level 5.7 Fighting
 + Level 3.3 Short Blades
 + Level 3.3 Long Blades
 + Level 3.3 Axes
 + Level 3.3 Maces & Flails
 + Level 3.3 Polearms
 + Level 3.3 Staves
 + Level 3.3 Slings
 + Level 3.3 Bows
 + Level 3.3 Crossbows
 + Level 9.2 Throwing
 + Level 3.3 Armour
 + Level 5.7 Dodging
 + Level 4.1 Stealth
 + Level 3.3 Shields
 + Level 3.3 Unarmed Combat
 + Level 3.3 Spellcasting
 + Level 2.7 Conjurations
 + Level 2.7 Hexes
 + Level 2.7 Summonings
 + Level 2.7 Necromancy
 + Level 2.7 Translocations
 + Level 2.7 Transmutations
 + Level 2.7 Fire Magic
 + Level 2.7 Ice Magic
 + Level 2.7 Air Magic
 + Level 2.7 Earth Magic
 + Level 2.7 Poison Magic
 + Level 3.7 Invocations
 + Level 3.3 Evocations


You had 13 spell levels left.
You didn't know any spells.
Your spell library contained the following spells:

 Spells                   Type           Power        Failure   Level
 Summon Small Mammal      Summ           28%          14%         1
 Call Imp                 Summ           7%           21%         2
 Call Canine Familiar     Summ           7%           38%         3
 Summon Guardian Golem    Hex/Summ       7%           38%         3
 Summon Ice Beast         Ice/Summ       7%           77%         4
 Summon Lightning Spire   Summ/Air       7%           77%         4


Dungeon Overview and Level Annotations

Branches:
Dungeon (7/15)             Temple (1/1) D:4

Altars:
Ashenzari
Cheibriados
Dithmenos
Elyvilon
Fedhas
Gozag
Hepliaklqana
Kikubaaqudgha
Makhleb
Nemelex Xobeh
Okawaru
Qazlal
Ru
Sif Muna
Trog
Uskayaw
Vehumet
Wu Jian
Xom
Yredelemnul
Zin
The Shining One

Annotations:
D:5 1 runed translucent door, 2 transporters, Gonzollydolly's ghost, weakling KoDe


Innate Abilities, Weirdness & Mutations

Your experience applies equally to all skills.
You have very sharp teeth.
Your uncanny sense of smell can sniff out nearby items.


Message History

Throw: 11 javelins
Aim: an orc warrior, wielding a +0 dire flail, wearing a +0 chain mail and quivering boomerangs (61% to hit)
Okay, then.
Throw: 6 darts (poison)
Aim: an orc warrior, wielding a +0 dire flail, wearing a +0 chain mail and quivering boomerangs (61% to hit)
You throw a poisoned dart.
The poisoned dart closely misses the orc warrior.
Throw: 5 darts (poison)
Aim: an orc warrior, wielding a +0 dire flail, wearing a +0 chain mail and quivering boomerangs (61% to hit)
You throw a poisoned dart.
The poisoned dart closely misses the orc warrior.
Throw: 4 darts (poison)
Aim: an orc warrior, wielding a +0 dire flail, wearing a +0 chain mail and quivering boomerangs (61% to hit)
You throw a poisoned dart.
The poisoned dart closely misses the orc warrior.
Throw: 3 darts (poison)
Aim: an orc warrior, wielding a +0 dire flail, wearing a +0 chain mail and quivering boomerangs (61% to hit)
You throw a poisoned dart.
The poisoned dart closely misses the orc warrior.
The orc warrior throws a boomerang.
The boomerang hits you!
Throw: 2 darts (poison)
Aim: an orc warrior, wielding a +0 dire flail, wearing a +0 chain mail and quivering boomerangs (61% to hit)
You throw a poisoned dart. The poisoned dart hits the orc warrior!
The orc warrior is poisoned.
Throw: dart (poison)
Aim: an orc warrior, wielding a +0 dire flail, wearing a +0 chain mail and quivering boomerangs (very poisoned, 61% to hit)
You throw a poisoned dart.
The poisoned dart closely misses the orc warrior.
Really fire
d - 2 throwing nets {!f}? [Y]es or [N]o only, please.
Really fire
d - 2 throwing nets {!f}?
Unknown command.
You hit the orc warrior but do no damage.
The orc warrior closely misses you.
You closely miss the orc warrior. You bite the orc warrior.
The orc warrior barely misses you.
You closely miss the orc warrior.
The orc warrior hits you with a +0 dire flail!
You closely miss the orc warrior. Your bite misses the orc warrior.
An adder skeleton comes into view.
You hit the orc warrior but do no damage.
The orc warrior hits you with a +0 dire flail!
* * * LOW HITPOINT WARNING * * *
The orc warrior hits you with a +0 dire flail!
* * * LOW HITPOINT WARNING * * *
You climb upwards.
There is a stone staircase leading down, spattered with blood here.
You hit the orc warrior.
The orc warrior hits you with a +0 dire flail!
You die...

..# #.....#####.# #... #.#
###.#....##.# #####.##
#.######.....[...# #.......
..............############.###†##
#.########.##....[.........# #.#
#.# #.##.############.# #.# #.#
#.##.# #.# #.# #.#
#####.##.######### #.# #.#
#<####.........o@†....####.###.#
...............######..........##
##############.########.##.......
#..........######### ############


You could see an orc warrior (very poisoned).

Vanquished Creatures
  2 sky beasts
  A necrophage (D:6)
  An ogre (D:4)
  A centaur (D:6)
  A phantom (D:5)
  A bullfrog (D:6)
  A scorpion (D:4)
  5 wights
  A jelly (D:6)
  An orc priest (D:3)
  A bullfrog skeleton (D:5)
  Terence (D:2)
  An orc wizard (D:3)
  A worker ant (D:6)
  A worker ant zombie (D:6)
  3 gnolls (D:3)
  6 adders
  A shadow imp (D:6)
  4 white imps
  An ufetubus (D:6)
  2 oozes
  2 worms (D:2)
  A dart slug (D:4)
  4 leopard geckos
  21 orcs
  4 bats
  6 giant cockroaches
  6 goblins
  7 hobgoblins
  7 jackals
  7 kobolds
  4 quokkas
  2 ball pythons
  4 frilled lizards
  A quokka skeleton (D:4)
  9 rats
122 creatures vanquished.

Vanquished Creatures (others)
  2 withered plants (D:5)
2 creatures vanquished.

Grand Total: 124 creatures vanquished

Notes
Turn   | Place    | Note
-------+----------+-------------------------------------------
     0 | D:1      | DavidChitty2 the Gnoll Hunter began the quest for the Orb.
     0 | D:1      | Reached XP level 1. HP: 20/20 MP: 1/1
   411 | D:1      | Reached XP level 2. HP: 10/26 MP: 2/2
  1001 | D:1      | Reached XP level 3. HP: 30/31 MP: 3/3
  1444 | D:2      | Reached skill level 1 in Invocations
  1633 | D:2      | Noticed Terence
  1648 | D:2      | Killed Terence
  1649 | D:2      | Reached skill level 1 in Short Blades
  1649 | D:2      | Reached skill level 1 in Long Blades
  1649 | D:2      | Reached skill level 1 in Axes
  1649 | D:2      | Reached skill level 1 in Maces & Flails
  1649 | D:2      | Reached skill level 1 in Polearms
  1649 | D:2      | Reached skill level 1 in Staves
  1649 | D:2      | Reached skill level 1 in Slings
  1649 | D:2      | Reached skill level 1 in Bows
  1649 | D:2      | Reached skill level 1 in Crossbows
  1649 | D:2      | Reached skill level 1 in Armour
  1649 | D:2      | Reached skill level 1 in Shields
  1649 | D:2      | Reached skill level 1 in Unarmed Combat
  1649 | D:2      | Reached skill level 1 in Spellcasting
  1649 | D:2      | Reached skill level 1 in Evocations
  1649 | D:2      | Reached XP level 4. HP: 26/38 MP: 5/5
  2260 | D:2      | Reached skill level 1 in Conjurations
  2260 | D:2      | Reached skill level 1 in Hexes
  2260 | D:2      | Reached skill level 1 in Summonings
  2260 | D:2      | Reached skill level 1 in Necromancy
  2260 | D:2      | Reached skill level 1 in Translocations
  2260 | D:2      | Reached skill level 1 in Transmutations
  2260 | D:2      | Reached skill level 1 in Fire Magic
  2260 | D:2      | Reached skill level 1 in Ice Magic
  2260 | D:2      | Reached skill level 1 in Air Magic
  2260 | D:2      | Reached skill level 1 in Earth Magic
  2260 | D:2      | Reached skill level 1 in Poison Magic
  2792 | D:2      | Found a faded altar of an unknown god.
  2855 | D:2      | Found a shimmering blue altar of Sif Muna.
  3166 | D:3      | Reached XP level 5. HP: 41/43 MP: 6/6
  3959 | D:4      | Noticed an ogre
  4297 | D:4      | Reached XP level 6. HP: 49/50 MP: 8/8
  4335 | D:4      | Reached skill level 5 in Fighting
  4335 | D:4      | Reached skill level 5 in Dodging
  4639 | D:4      | Found a staircase to the Ecumenical Temple.
  4652 | Temple   | Entered the Ecumenical Temple
  4849 | Temple   | Became a worshipper of Warmaster Okawaru
  5318 | D:5      | Entered Level 5 of the Dungeon
  5411 | D:5      | Noticed a sky beast
  5465 | D:5      | Found a runed translucent door.
  5466 | D:5      | Noticed Gonzollydolly's ghost (weakling KoDe)
  5519 | D:5      | Found a transporter.
  5832 | D:5      | Killed a sky beast
  5833 | D:5      | Reached XP level 7. HP: 24/56 MP: 10/10
  6110 | D:5      | Found a transporter.
  7188 | D:6      | Reached * piety under Okawaru
  7413 | D:5      | Reached skill level 9 in Throwing
  7666 | D:5      | Reached XP level 8. HP: 56/58 MP: 12/12
  8134 | D:6      | Found a stormy altar of Qazlal.
  8134 | D:6      | Found a glowing golden altar of the Shining One.
  8386 | D:6      | Found a broken altar of Ashenzari.
  8767 | D:6      | Slain by an orc warrior

Illustrated notes

Levels and vault maps discovered:
D:1:      scummos_arrival_forest, layout_basic, serial_corexii_hall,
          corexii_hall_statues_x, corexii_hall_statues_s,
          corexii_hall_statues_i, hangedman_abyss_or_decor_lesser_grid
D:2:      layout_basic, lemuel_blue_sif_altar, chequers_ecumenical_altar_grove,
          minmay_pentomino_q4, uniq_terence
D:3:      layout_loops_ring, chequers_serial_rivers_large_b
D:4:      layout_loops_ring, minmay_temple_entry_purple_smoke, minivault_24
D:5:      gammafunk_cloud_chamber, layout_gridville, gammafunk_ghost_grave
D:6:      layout_loops_ring, general_overflow_altar,
          chequers_temple_overflow_statue_of_worship
D:7:      layout_cave_pools, serial_shops, nicolae_shop_trees,
          minmay_misc_feat_chi
Temple:   regret_index_temple_mists

Skill      XL: |  1  2  3  4  5  6  7  8 |
---------------+-------------------------+-----
Invocations    | 1 2 3 |  3.7
Short Blades   | 1 2 3 |  3.3
Long Blades    | 1 2 3 |  3.3
Axes           | 1 2 3 |  3.3
Maces & Flails | 1 2 3 |  3.3
Polearms       | 1 2 3 |  3.3
Staves         | 1 2 3 |  3.3
Slings         | 1 2 3 |  3.3
Bows           | 1 2 3 |  3.3
Crossbows      | 1 2 3 |  3.3
Armour         | 1 2 3 |  3.3
Shields        | 1 2 3 |  3.3
Unarmed Combat | 1 2 3 |  3.3
Spellcasting   | 1 2 3 |  3.3
Evocations     | 1 2 3 |  3.3
Conjurations   | 1 2 |  2.7
Hexes          | 1 2 |  2.7
Summonings     | 1 2 |  2.7
Necromancy     | 1 2 |  2.7
Translocations | 1 2 |  2.7
Transmutations | 1 2 |  2.7
Fire Magic     | 1 2 |  2.7
Ice Magic      | 1 2 |  2.7
Air Magic      | 1 2 |  2.7
Earth Magic    | 1 2 |  2.7
Poison Magic   | 1 2 |  2.7
Fighting       | 5 |  5.7
Dodging        | 5 |  5.7
Stealth        | 3 4 |  4.1
Throwing       | 9 |  9.2

Action                   |  1- 3 |  4- 6 |  7- 9 || total
-------------------------+-------+-------+-------++-------
Melee: Short sword       |   137 |   107 |       ||   244
       Bite              |    10 |    18 |    24 ||    52
       Trident           |       |   172 |   109 ||   281
       Punch             |       |     2 |     2 ||     4
       Spear             |       |       |   110 ||   110
Throw: Javelin           |     2 |    11 |     6 ||    19
       Dart              |       |     7 |     6 ||    13
  Use: Scroll            |       |     9 |       ||     9
 Stab: Sleeping          |     1 |       |     1 ||     2
Armor: Leather armour    |     8 |       |       ||     8
       Ring mail         |     6 |       |       ||     6
       Scale mail        |    28 |   132 |    94 ||   254
Dodge: Dodged            |    73 |   153 |   128 ||   354

Table legend: (Time is in decaauts)
 A = Elapsed time spent in this place.
 B = Non-inter-level travel time spent in this place.
 C = Inter-level travel time spent in this place.
 D = Time resting spent in this place.
 E = Time spent auto-exploring this place.
 F = Levels seen in this place.
 G = Mean time per level.
                   A        B        C        D        E       F      G
               +--------+--------+--------+--------+--------+-----+--------+
         Total |   8930 |   8571 |    359 |   2931 |   4326 |   8 | 1116.2 |
       Dungeon |   8641 |   8357 |    284 |   2931 |   4117 |   7 | 1234.4 |
        Temple |    289 |    214 |     75 |      0 |    208 |   1 |  289.0 |
               +--------+--------+--------+--------+--------+-----+--------+

Top non-repeatable levels by time:
     D:5: 2036 daAuts
     D:2: 1663 daAuts
     D:1: 1368 daAuts
     D:6: 1303 daAuts
     D:3: 1267 daAuts
     D:4: 979 daAuts
  Temple: 289 daAuts
     D:7: 22 daAuts
